Influenza vs Wolfes
Created - December 8, 2019 at 21:40
Goals
|
| Influenza |
1 |
1 |
3 |
5 |
| Wolfes |
1 |
1 |
4 |
6 |
|
Shots
|
| Influenza |
5 |
12 |
15 |
32 |
| Wolfes |
8 |
10 |
12 |
30 |
|
1st period
1. Wolfes , Kyle Rau 6 (James Livingstone 4, Sergei Plotnikov 4) at 8:07
2. Influenza , Zac Dalpe 6 (Jimmy Vesey 7, Bo Horvat 12) at 11:29
Penalties :
Jimmy Vesey (VJB) for Hooking (Minor) at 12:32
2nd period
3. Influenza , Andre Burakovsky 16 (Iiro Pakarinen 15, Calvin de Haan 16) at 3:39
4. Wolfes , Max Friberg 7 (Sergei Plotnikov 5, Sean Monahan 17) at 11:15
Penalties :
Benn Ferriero (RIM) for Interference (Minor) at 1:00, Blake Pietila (RIM) for High sticking (Minor) at 4:01, Andre Burakovsky (VJB) for Tripping (Minor) at 12:45, Andre Burakovsky (VJB) for Hooking (Minor) at 17:34
3rd period
5. Wolfes , Jacob Lagacé 1 (Kyle Rau 5, James Livingstone 5) at 1:13
6. Wolfes , Blake Pietila 9 (Martin Hanzal 10) at 1:25
7. Wolfes , Kyle Rau 7 (James Livingstone 6) at 6:25
8. Wolfes , Benn Ferriero 4 (Zachary Sanford 11, Tommy Vannelli 1) at 7:54
9. Influenza , Jacob Josefson 4 (Kasperi Kapanen 3, Luca Sbisa 5) at 9:49
10. Influenza , Justin Bailey 3 (Aaron Ekblad 5, Calvin de Haan 17) at 12:30 (PP)
11. Influenza , Aaron Ekblad 2 (Andre Burakovsky 19, Calvin de Haan 18) at 17:46 (PP)
Penalties :
Sergei Plotnikov (RIM) for Roughing (Minor) at 2:32, Jamie Oleksiak (RIM) for Fighting (Major) at 8:03, Iiro Pakarinen (VJB) for Fighting (Major) at 8:03, Michael Stone (RIM) for Hooking (Minor) at 11:48, Matt Grzelcyk (RIM) for High sticking (Minor) at 17:31, Jamie Oleksiak (RIM) for Hooking (Minor) at 17:50
Goalie Stats
Malcolm Subban (VJB), 19 saves from 24 shots - (0.792), 46:25 minutes
Tyson Sexsmith (VJB), 5 saves from 6 shots - (0.833), L, 0-5-0, 13:35 minutes
Laurent Brossoit (RIM), 27 saves from 32 shots - (0.844), W, 8-7-2, 60:00 minutes
Players Stats for Influenza
Player Name G A P +/- PIM S H SB GA TA FO MP PP MP PK MP
------------------------------------------------------------------------------------
Aaron Ekblad 1 1 2 -3 0 2 3 2 0 0 0/0 24:26 5:19 0:00
Andre Burakovsky 1 1 2 -2 4 7 6 0 0 1 0/0 21:16 5:23 0:35
Anthony Mantha 0 0 0 0 0 0 1 0 0 1 2/3 17:08 1:44 3:26
Bo Horvat 0 1 1 -2 0 2 1 0 0 0 18/34 22:45 5:29 1:45
Calvin de Haan 0 3 3 -3 0 4 2 2 1 2 0/0 28:27 5:19 3:54
Dmitry Sinitsyn 0 0 0 -1 0 1 0 1 0 0 0/0 17:08 3:34 2:03
Iiro Pakarinen 0 1 1 -2 5 2 0 0 0 0 0/1 17:39 5:09 0:00
Jacob Josefson 1 0 1 -1 0 3 1 0 0 0 4/8 12:32 0:21 0:39
Jimmy Vesey 0 1 1 0 2 1 2 0 0 0 0/0 13:55 0:46 0:50
Jordan Schroeder 0 0 0 0 0 0 1 0 0 0 1/2 7:05 0:00 0:00
Justin Bailey 1 0 1 0 0 1 0 0 1 0 0/0 10:30 3:17 0:00
Kasperi Kapanen 0 1 1 -1 0 2 1 0 1 0 1/1 10:54 0:00 0:00
Luca Sbisa 0 1 1 1 0 0 2 1 0 0 0/0 18:26 0:00 3:54
Lucas Lessio 0 0 0 0 0 1 0 1 0 0 0/0 6:56 1:12 1:09
Nick Ritchie 0 0 0 -1 0 1 2 0 0 1 1/1 14:01 0:00 0:04
Paul Ladue 0 0 0 1 0 1 2 3 0 0 0/0 21:03 3:34 2:03
Roland McKeown 0 0 0 -1 0 0 0 0 0 0 0/0 10:30 0:00 0:00
Zac Dalpe 1 0 1 0 0 4 2 0 2 0 8/13 19:18 3:18 3:26
Players Stats for Wolfes
Player Name G A P +/- PIM S H SB GA TA FO MP PP MP PK MP
------------------------------------------------------------------------------------
Alexandre Grenier 0 0 0 -2 0 3 4 2 1 0 1/3 20:26 3:34 2:02
Angelo Esposito 0 0 0 0 0 0 0 0 0 0 0/0 0:00 0:00 0:00
Anton Lindholm 0 0 0 0 0 0 0 0 0 0 0/0 8:47 0:00 1:42
Barclay Goodrow 0 0 0 0 0 0 0 0 0 0 0/0 0:00 0:00 0:00
Benn Ferriero 1 0 1 1 2 3 1 0 0 0 0/1 11:02 0:00 0:00
Blake Pietila 1 0 1 -2 2 4 3 0 1 0 0/1 20:19 3:34 1:55
Charles-Olivier Roussel 0 0 0 4 0 0 0 2 0 0 0/0 18:11 1:59 3:01
Jacob Lagacé 1 0 1 3 0 1 0 0 0 1 0/0 7:16 0:00 0:00
James Livingstone 0 3 3 3 0 1 0 0 0 0 0/0 7:16 0:00 0:00
Jamie Oleksiak 0 0 0 0 7 1 2 0 0 0 0/0 23:06 3:58 3:36
Jyrki Jokipakka 0 0 0 0 0 0 0 0 0 1 0/0 8:02 0:00 1:26
Klas Dahlbeck 0 0 0 4 0 2 1 0 0 1 0/0 18:11 1:59 3:01
Kyle Rau 2 1 3 3 0 3 0 0 0 0 2/3 7:16 0:00 0:00
Martin Hanzal 0 1 1 -2 0 3 2 0 0 0 19/40 23:55 3:34 5:29
Matt Grzelcyk 0 0 0 -1 2 0 0 1 0 0 0/0 9:48 0:00 0:00
Max Friberg 1 0 1 1 0 2 0 0 0 0 0/0 14:21 2:23 0:00
Michael Stone 0 0 0 -1 2 1 0 3 2 2 0/0 27:02 3:58 4:45
Nicolas Deschamps 0 0 0 0 0 0 0 0 0 0 0/0 1:44 0:00 1:42
Pavel Kraskovsky 0 0 0 0 0 0 0 0 0 0 0/0 0:00 0:00 0:00
Scott Timmins 0 0 0 1 0 0 0 0 1 0 1/3 11:43 0:00 0:39
Sean Monahan 0 1 1 1 0 2 1 0 0 0 5/12 19:29 2:23 5:08
Sergei Plotnikov 0 2 2 1 2 2 1 0 0 0 0/0 15:14 2:23 0:51
Thomas Spelling 0 0 0 0 0 0 0 0 0 0 0/0 0:00 0:00 0:00
Tommy Vannelli 0 1 1 0 0 1 0 0 0 0 0/0 6:49 0:00 0:15
Zachary Sanford 0 1 1 1 0 1 0 0 0 0 0/0 11:03 0:00 0:00
3 Stars
1 - Kyle Rau (RIM)
2 - James Livingstone (RIM)
3 - Jacob Lagacé (RIM)
Power Play
Influenza - 2 on 6 Attempt(s) - 33.33%
Wolfes - 0 on 3 Attempt(s) - 0.00%
Penalty Kill
Influenza - 3 on 3 Attempt(s) - 100.00%
- Score 0 goal in Penalty Kill
Wolfes - 4 on 6 Attempt(s) - 66.67%
- Score 0 goal in Penalty Kill
Team Stat
Influenza - Hits : 26 - Faceoff Wins : 35 - Blocked Shots : 10 - Penalty Minutes : 11
Wolfes - Hits : 15 - Faceoff Wins : 28 - Blocked Shots : 8 - Penalty Minutes : 17
Official
Referees : Unknown
Linesman : Unknown
Game Notes
Lucas Lessio is injured at 17:31 of 2nd period (Left Forearm)
Tyson Sexsmith enters game at 6:25 of 3rd period
Iiro Pakarinen beats up Jamie Oleksiak at 8:03 of 3rd period
Finance
Level 1 -- Attendance: 1540 (77.00%) -- Ticket Income $61,600
Level 2 -- Attendance: 677 (67.70%) -- Ticket Income $13,540
Total Attendance: 2217 (73.90%)
Total Ticket Income: $75,140
Other Income: $3,757
Total Income: $78,897
Influenza
5 vs 5 Forward
Center Left Wing Right Wing Time % Phy DF OF
1 Bo Horvat Andre Burakovsky Iiro Pakarinen 40 1 2 2
2 Zac Dalpe Jimmy Vesey Anthony Mantha 30 1 2 2
3 Jacob Josefson Nick Ritchie Kasperi Kapanen 20 1 2 2
4 Jordan Schroeder Lucas Lessio Justin Bailey 10 1 2 2
5 vs 5 Defense
Defense Defense Time % Phy DF OF
1 Calvin de Haan Aaron Ekblad 40 1 2 2
2 Paul Ladue Luca Sbisa 30 1 2 2
3 Dmitry Sinitsyn Roland McKeown 20 1 2 2
4 Calvin de Haan Aaron Ekblad 10 1 2 2
PowerPlay Forward
Center Left Wing Right Wing Time % Phy DF OF
1 Bo Horvat Andre Burakovsky Iiro Pakarinen 60 1 2 2
2 Zac Dalpe Lucas Lessio Justin Bailey 40 1 2 2
PowerPlay Defense
Defense Defense Time % Phy DF OF
1 Calvin de Haan Aaron Ekblad 60 1 2 2
2 Paul Ladue Dmitry Sinitsyn 40 1 2 2
Penalty Kill 4 Players Forward
Center Wing Time % Phy DF OF
1 Zac Dalpe Anthony Mantha 60 1 2 2
2 Bo Horvat Andre Burakovsky 40 1 2 2
Penalty Kill 4 Players Defense
Defense Defense Time % Phy DF OF
1 Calvin de Haan Luca Sbisa 60 1 2 2
2 Paul Ladue Dmitry Sinitsyn 40 1 2 2
Penalty Kill - 3 Players Forward
Forward Time % Phy DF OF
1 Zac Dalpe 60 1 2 2
2 Bo Horvat 40 1 2 2
Penalty Kill - 3 Players Defense
Defense Defense Time % Phy DF OF
1 Calvin de Haan Luca Sbisa 60 1 2 2
2 Paul Ladue Dmitry Sinitsyn 40 1 2 2
4 vs 4 Forward
Center Wing Time % Phy DF OF
1 Bo Horvat Anthony Mantha 60 1 2 2
2 Zac Dalpe Andre Burakovsky 40 1 2 2
4 vs 4 Defense
Defense Defense Time % Phy DF OF
1 Calvin de Haan Aaron Ekblad 60 1 2 2
2 Paul Ladue Dmitry Sinitsyn 40 1 2 2
Last Minutes Offensive
Center Left Wing Right Wing Defense Defense
Bo Horvat Andre Burakovsky Justin Bailey Calvin de Haan Paul Ladue
Last Minutes Defensive
Center Left Wing Right Wing Defense Defense
Zac Dalpe Andre Burakovsky Anthony Mantha Calvin de Haan Paul Ladue
Goaltenders
Starting : Malcolm Subban
Backup : Tyson Sexsmith
Extra Forwards
Normal : Bo Horvat, Nick Ritchie, Andre Burakovsky - PP : Bo Horvat, Anthony Mantha - PK : Andre Burakovsky
Extra Defensemen
Normal : Aaron Ekblad, Luca Sbisa, Calvin de Haan - PP : Luca Sbisa - PK : Paul Ladue, Calvin de Haan
Penalty Shots
Andre Burakovsky, Zac Dalpe, Jimmy Vesey, Anthony Mantha, Bo Horvat
Scratches
Shane Prince (Healthy), Jeff Corbett (Healthy), Henri Ikonen (Healthy), Johan Larsson (Healthy), Tim Erixon (Sports Hernia Injury)
Tom Kuhnhackl (Healthy), Mitchell Moroz (Healthy), Josh Andrerson (Healthy), Jesse Graham (Healthy), Rinat Valievv (Healthy)
Conner Bleackley (Healthy), Brycen Martin (Healthy), Jaden Lindo (Healthy), Jamie Phillips (Healthy)
Wolfes
5 vs 5 Forward
Center Left Wing Right Wing Time % Phy DF OF
1 Martin Hanzal Blake Pietila Alexandre Grenier 40 1 2 2
2 Sean Monahan Sergei Plotnikov Max Friberg 30 1 2 2
3 Scott Timmins Zachary Sanford Benn Ferriero 20 1 2 2
4 Kyle Rau Jacob Lagacé James Livingstone 10 1 2 2
5 vs 5 Defense
Defense Defense Time % Phy DF OF
1 Michael Stone Jamie Oleksiak 40 1 2 2
2 Charles-Olivier Roussel Klas Dahlbeck 30 1 2 2
3 Matt Grzelcyk Anton Lindholm 20 1 2 2
4 Jyrki Jokipakka Tommy Vannelli 10 1 2 2
PowerPlay Forward
Center Left Wing Right Wing Time % Phy DF OF
1 Martin Hanzal Blake Pietila Alexandre Grenier 60 1 2 2
2 Sean Monahan Sergei Plotnikov Max Friberg 40 1 2 2
PowerPlay Defense
Defense Defense Time % Phy DF OF
1 Michael Stone Jamie Oleksiak 60 1 2 2
2 Charles-Olivier Roussel Klas Dahlbeck 40 1 2 2
Penalty Kill 4 Players Forward
Center Wing Time % Phy DF OF
1 Martin Hanzal Sean Monahan 60 1 2 2
2 Alexandre Grenier Blake Pietila 40 1 2 2
Penalty Kill 4 Players Defense
Defense Defense Time % Phy DF OF
1 Michael Stone Jamie Oleksiak 60 1 2 2
2 Charles-Olivier Roussel Klas Dahlbeck 40 1 2 2
Penalty Kill - 3 Players Forward
Forward Time % Phy DF OF
1 Martin Hanzal 60 1 2 2
2 Sean Monahan 40 1 2 2
Penalty Kill - 3 Players Defense
Defense Defense Time % Phy DF OF
1 Michael Stone Jamie Oleksiak 60 1 2 2
2 Charles-Olivier Roussel Klas Dahlbeck 40 1 2 2
4 vs 4 Forward
Center Wing Time % Phy DF OF
1 Martin Hanzal Sean Monahan 60 1 2 2
2 Alexandre Grenier Blake Pietila 40 1 2 2
4 vs 4 Defense
Defense Defense Time % Phy DF OF
1 Michael Stone Jamie Oleksiak 60 1 2 2
2 Charles-Olivier Roussel Klas Dahlbeck 40 1 2 2
Last Minutes Offensive
Center Left Wing Right Wing Defense Defense
Martin Hanzal Blake Pietila Alexandre Grenier Michael Stone Jamie Oleksiak
Last Minutes Defensive
Center Left Wing Right Wing Defense Defense
Martin Hanzal Blake Pietila Alexandre Grenier Michael Stone Jamie Oleksiak
Goaltenders
Starting : Laurent Brossoit
Backup : Jeremy Smith
Extra Forwards
Normal : Thomas Spelling, Angelo Esposito, Nicolas Deschamps - PP : Thomas Spelling, Angelo Esposito - PK : Nicolas Deschamps
Extra Defensemen
Normal : Matt Grzelcyk, Anton Lindholm, Jyrki Jokipakka - PP : Matt Grzelcyk - PK : Anton Lindholm, Jyrki Jokipakka
Penalty Shots
Martin Hanzal, Sean Monahan, Alexandre Grenier, Blake Pietila, Max Friberg
Scratches
Christophe Lalancette (Healthy), Joe Morrow (Broken Bone (Right Arm) Injury), Remi Elie (Healthy), Louis Belpedio (Healthy), Cameron Darcy (Healthy)
Joonas Lyytinen (Separated Right Shoulder Injury), Fredrik Olofsson (Healthy), Nolan Vesey (Healthy), Vaclav Karabacek (Healthy), Kyle Pettit (Healthy)
Dylan Sadowy (Healthy), Jeffrey Foss (Separated Right Shoulder Injury), Anton Karlsson (Healthy), Ebbe Siönäs (Healthy), Sami Aittokallio (Healthy)
Kaapo Kahkonen (Healthy)
% Time on Ice - Influenza
Lines # - Real PCT - Wanted PCT - Time Play
Normal Forward
1 - 33% - 40% - 15:05
2 - 27% - 30% - 12:08
3 - 24% - 20% - 10:54
4 - 16% - 10% - 7:00
Normal Defense
1 - 40% - 40% - 17:54
2 - 34% - 30% - 15:23
3 - 23% - 20% - 10:30
4 - 3% - 10% - 1:20
PP Forward
1 - 61% - 60% - 5:23
2 - 39% - 40% - 3:30
PP Defense
1 - 60% - 60% - 5:19
2 - 40% - 40% - 3:34
PK Forward
1 - 71% - 60% - 4:12
2 - 29% - 40% - 1:45
PK Defense
1 - 66% - 60% - 3:54
2 - 34% - 40% - 2:03
PK3 Forward
1 - 0% - 60%
2 - 0% - 40%
PK3 Defense
1 - 0% - 60%
2 - 0% - 40%
44 Forward
1 - 0% - 60%
2 - 0% - 40%
44 Defense
1 - 0% - 60%
2 - 0% - 40%
Last Minute Offensive - 0:03
Last Minute Defensive - 0:00
Total
Forward - 60:00
Defense - 60:00
|
% Time on Ice - Wolfes
Lines # - Real PCT - Wanted PCT - Time Play
Normal Forward
1 - 33% - 40% - 14:43
2 - 27% - 30% - 11:58
3 - 25% - 20% - 11:03
4 - 16% - 10% - 7:16
Normal Defense
1 - 41% - 40% - 18:22
2 - 29% - 30% - 13:11
3 - 16% - 20% - 7:03
4 - 14% - 10% - 6:24
PP Forward
1 - 60% - 60% - 3:34
2 - 40% - 40% - 2:23
PP Defense
1 - 67% - 60% - 3:58
2 - 33% - 40% - 1:59
PK Forward
1 - 77% - 60% - 6:51
2 - 23% - 40% - 2:02
PK Defense
1 - 66% - 60% - 5:52
2 - 34% - 40% - 3:01
PK3 Forward
1 - 0% - 60%
2 - 0% - 40%
PK3 Defense
1 - 0% - 60%
2 - 0% - 40%
44 Forward
1 - 0% - 60%
2 - 0% - 40%
44 Defense
1 - 0% - 60%
2 - 0% - 40%
Last Minute Offensive - 0:00
Last Minute Defensive - 0:10
Total
Forward - 60:00
Defense - 60:00
|
Play-by-Play
1st period
0:01 of 1st period - Bo Horvat wins face-off versus Martin Hanzal in neutral zone.
0:26 of 1st period - Anthony Mantha is hit by Sean Monahan and loses puck.
0:45 of 1st period - Slapshot by Scott Timmins.
0:45 of 1st period - Shot Misses the Net.
1:15 of 1st period - Wrist shot by Lucas Lessio.
1:15 of 1st period - Stopped by Laurent Brossoit with a rebound.
1:26 of 1st period - Icing by Lucas Lessio.
1:27 of 1st period - Jordan Schroeder wins face-off versus Martin Hanzal in Influenza zone.
2:14 of 1st period - Jamie Oleksiak is hit by Kasperi Kapanen and loses puck.
2:35 of 1st period - Snap shot by Lucas Lessio.
2:35 of 1st period - Deflect By Justin Bailey.
2:35 of 1st period - Shot Misses the Net.
2:35 of 1st period - Puck is out of play.
2:36 of 1st period - Kyle Rau wins face-off versus Jordan Schroeder in Wolfes zone.
3:27 of 1st period - Wrist shot by Zac Dalpe.
3:27 of 1st period - Stopped by Laurent Brossoit with a rebound.
3:29 of 1st period - Wrist shot by Anthony Mantha.
3:29 of 1st period - Deflect By Zac Dalpe.
3:29 of 1st period - Shot Misses the Net.
3:29 of 1st period - Puck is out of play.
3:30 of 1st period - Bo Horvat wins face-off versus Sean Monahan in Wolfes zone.
4:09 of 1st period - Zac Dalpe is hit by Blake Pietila and loses puck.
4:36 of 1st period - James Livingstone is hit by Jacob Josefson and loses puck.
4:51 of 1st period - Snap shot by Lucas Lessio.
4:51 of 1st period - Shot Blocked by Matt Grzelcyk.
5:40 of 1st period - Klas Dahlbeck is hit by Jordan Schroeder and loses puck.
6:21 of 1st period - Snap shot by Martin Hanzal.
6:21 of 1st period - Stopped by Malcolm Subban with a rebound.
7:12 of 1st period - Off-side.
7:13 of 1st period - Scott Timmins wins face-off versus Anthony Mantha in neutral zone.
7:26 of 1st period - Calvin de Haan is hit by Jamie Oleksiak and loses puck.
7:51 of 1st period - Snap shot by Martin Hanzal.
7:51 of 1st period - Shot Blocked by Calvin de Haan.
7:53 of 1st period - Snap shot by Michael Stone.
7:53 of 1st period - Shot Misses the Net.
8:07 of 1st period - Wrist shot by Kyle Rau.
8:07 of 1st period - Goal by Kyle Rau - Influenza : 0 - Wolfes : 1.
8:08 of 1st period - Zac Dalpe wins face-off versus Martin Hanzal in neutral zone.
8:15 of 1st period - Snap shot by Jimmy Vesey.
8:15 of 1st period - Shot Misses the Net.
8:17 of 1st period - Wrist shot by Zac Dalpe.
8:17 of 1st period - Stopped by Laurent Brossoit with a rebound.
8:19 of 1st period - Backhand shot by Zac Dalpe.
8:19 of 1st period - Shot Blocked by Alexandre Grenier.
8:23 of 1st period - Snap shot by Jimmy Vesey.
8:23 of 1st period - Stopped by Laurent Brossoit with a rebound.
8:54 of 1st period - Wrist shot by Zachary Sanford.
8:54 of 1st period - Stopped by Malcolm Subban with a rebound.
9:23 of 1st period - Snap shot by James Livingstone.
9:23 of 1st period - Stopped by Malcolm Subban with a rebound.
9:27 of 1st period - Snap shot by James Livingstone.
9:27 of 1st period - Shot Misses the Net.
9:37 of 1st period - Calvin de Haan is hit by Alexandre Grenier and loses puck.
9:46 of 1st period - Wrist shot by Zac Dalpe.
9:46 of 1st period - Shot Blocked by Charles-Olivier Roussel.
11:27 of 1st period - Slapshot by Jimmy Vesey.
11:27 of 1st period - Shot Misses the Net.
11:29 of 1st period - Wrist shot by Zac Dalpe.
11:29 of 1st period - Goal by Zac Dalpe - Influenza : 1 - Wolfes : 1.
11:30 of 1st period - Bo Horvat wins face-off versus Martin Hanzal in neutral zone.
11:32 of 1st period - Off-side.
11:33 of 1st period - Bo Horvat wins face-off versus Martin Hanzal in neutral zone.
11:48 of 1st period - Snap shot by Alexandre Grenier.
11:48 of 1st period - Stopped by Malcolm Subban without a rebound.
11:49 of 1st period - Zac Dalpe wins face-off versus Sean Monahan in Influenza zone.
12:16 of 1st period - Wrist shot by Zachary Sanford.
12:16 of 1st period - Shot Hit the Post.
12:18 of 1st period - Slapshot by Klas Dahlbeck.
12:18 of 1st period - Stopped by Malcolm Subban with a rebound.
12:22 of 1st period - Snap shot by Scott Timmins.
12:22 of 1st period - Shot Misses the Net.
12:32 of 1st period - Minor Penalty to Jimmy Vesey for Hooking.
12:33 of 1st period - Alexandre Grenier wins face-off versus Zac Dalpe in Influenza zone.
12:34 of 1st period - Slapshot by Blake Pietila.
12:34 of 1st period - Stopped by Malcolm Subban without a rebound.
12:35 of 1st period - Zac Dalpe wins face-off versus Martin Hanzal in Influenza zone.
13:04 of 1st period - Icing by Max Friberg.
13:05 of 1st period - Anthony Mantha wins face-off versus Sean Monahan in Wolfes zone.
13:54 of 1st period - Luca Sbisa is hit by Alexandre Grenier and loses puck.
14:32 of 1st period - Penalty to Jimmy Vesey is over, Jimmy Vesey is back on ice.
15:25 of 1st period - Slapshot by Sean Monahan.
15:25 of 1st period - Stopped by Malcolm Subban with a rebound.
15:37 of 1st period - Tommy Vannelli is hit by Aaron Ekblad and loses puck.
17:37 of 1st period - Wrist shot by Max Friberg.
17:37 of 1st period - Shot Blocked by Dmitry Sinitsyn.
17:51 of 1st period - Jimmy Vesey is hit by Blake Pietila and loses puck.
18:14 of 1st period - Off-side.
18:15 of 1st period - Bo Horvat wins face-off versus Kyle Rau in neutral zone.
18:18 of 1st period - Matt Grzelcyk is hit by Paul Ladue.
19:07 of 1st period - Jordan Schroeder is hit by Martin Hanzal and loses puck.
19:14 of 1st period - Backhand shot by Martin Hanzal.
19:14 of 1st period - Shot Misses the Net.
19:16 of 1st period - Wrist shot by Blake Pietila.
19:16 of 1st period - Shot Blocked by Aaron Ekblad.
19:18 of 1st period - Wrist shot by Martin Hanzal.
19:18 of 1st period - Deflect By Blake Pietila.
19:18 of 1st period - Shot Blocked by Calvin de Haan.
19:18 of 1st period - Puck is out of play.
19:19 of 1st period - Sean Monahan wins face-off versus Bo Horvat in Influenza zone.
19:40 of 1st period - Max Friberg is hit by Andre Burakovsky.
Goals for this period are 1 for Influenza vs 1 for Wolfes.
Shots for this period are 5 for Influenza vs 8 for Wolfes.
2nd period
0:01 of 2nd period - Bo Horvat wins face-off versus Martin Hanzal in neutral zone.
0:49 of 2nd period - Paul Ladue is hit by Klas Dahlbeck and loses puck.
1:00 of 2nd period - Minor Penalty to Benn Ferriero for Interference.
1:01 of 2nd period - Martin Hanzal wins face-off versus Bo Horvat in Wolfes zone.
1:12 of 2nd period - Wrist shot by Andre Burakovsky.
1:12 of 2nd period - Stopped by Laurent Brossoit with a rebound.
1:34 of 2nd period - Off-side.
1:35 of 2nd period - Sean Monahan wins face-off versus Zac Dalpe in neutral zone.
2:18 of 2nd period - Slapshot by Bo Horvat.
2:18 of 2nd period - Shot Misses the Net.
2:20 of 2nd period - Snap shot by Dmitry Sinitsyn.
2:20 of 2nd period - Deflect By Andre Burakovsky.
2:20 of 2nd period - Stopped by Laurent Brossoit without a rebound.
2:21 of 2nd period - Martin Hanzal wins face-off versus Zac Dalpe in Wolfes zone.
2:29 of 2nd period - Off-side.
2:30 of 2nd period - Zac Dalpe wins face-off versus Martin Hanzal in neutral zone.
2:52 of 2nd period - Snap shot by Iiro Pakarinen.
2:52 of 2nd period - Shot Blocked by Michael Stone.
3:00 of 2nd period - Penalty to Benn Ferriero is over, Benn Ferriero is back on ice.
3:25 of 2nd period - Snap shot by Kyle Rau.
3:25 of 2nd period - Stopped by Malcolm Subban without a rebound.
3:26 of 2nd period - Bo Horvat wins face-off versus Martin Hanzal in Influenza zone.
3:33 of 2nd period - Wrist shot by Andre Burakovsky.
3:33 of 2nd period - Shot Misses the Net.
3:39 of 2nd period - Snap shot by Andre Burakovsky.
3:39 of 2nd period - Goal by Andre Burakovsky - Influenza : 2 - Wolfes : 1.
3:40 of 2nd period - Bo Horvat wins face-off versus Martin Hanzal in neutral zone.
3:51 of 2nd period - Slapshot by Bo Horvat.
3:51 of 2nd period - Stopped by Laurent Brossoit with a rebound.
3:53 of 2nd period - Wrist shot by Calvin de Haan.
3:53 of 2nd period - Shot Blocked by Alexandre Grenier.
4:01 of 2nd period - Minor Penalty to Blake Pietila for High sticking.
4:02 of 2nd period - Martin Hanzal wins face-off versus Bo Horvat in Wolfes zone.
4:15 of 2nd period - Slapshot by Iiro Pakarinen.
4:15 of 2nd period - Stopped by Laurent Brossoit without a rebound.
4:16 of 2nd period - Martin Hanzal wins face-off versus Bo Horvat in Wolfes zone.
4:20 of 2nd period - Off-side.
4:21 of 2nd period - Martin Hanzal wins face-off versus Bo Horvat in neutral zone.
4:24 of 2nd period - Slapshot by Jamie Oleksiak.
4:24 of 2nd period - Stopped by Malcolm Subban with a rebound.
4:57 of 2nd period - Slapshot by Calvin de Haan.
4:57 of 2nd period - Deflect By Alexandre Grenier.
4:57 of 2nd period - Stopped by Laurent Brossoit with a rebound.
6:01 of 2nd period - Penalty to Blake Pietila is over, Blake Pietila is back on ice.
6:08 of 2nd period - Slapshot by Kyle Rau.
6:08 of 2nd period - Shot Misses the Net.
6:10 of 2nd period - Slapshot by Matt Grzelcyk.
6:10 of 2nd period - Shot Misses the Net.
6:18 of 2nd period - James Livingstone is hit by Paul Ladue and loses puck.
7:56 of 2nd period - Snap shot by Scott Timmins.
7:56 of 2nd period - Shot Blocked by Aaron Ekblad.
8:00 of 2nd period - Snap shot by Benn Ferriero.
8:00 of 2nd period - Stopped by Malcolm Subban without a rebound.
8:01 of 2nd period - Kasperi Kapanen wins face-off versus Martin Hanzal in Influenza zone.
8:01 of 2nd period - Kasperi Kapanen is hit by Alexandre Grenier.
8:06 of 2nd period - Off-side.
8:07 of 2nd period - Martin Hanzal wins face-off versus Jacob Josefson in neutral zone.
8:32 of 2nd period - Snap shot by Blake Pietila.
8:32 of 2nd period - Shot Misses the Net.
8:44 of 2nd period - Snap shot by Nick Ritchie.
8:44 of 2nd period - Deflect By Kasperi Kapanen.
8:44 of 2nd period - Stopped by Laurent Brossoit without a rebound.
8:45 of 2nd period - Bo Horvat wins face-off versus Sean Monahan in Wolfes zone.
8:58 of 2nd period - Slapshot by Andre Burakovsky.
8:58 of 2nd period - Stopped by Laurent Brossoit with a rebound.
9:19 of 2nd period - Wrist shot by Zac Dalpe.
9:19 of 2nd period - Shot Misses the Net.
9:29 of 2nd period - Scott Timmins is hit by Aaron Ekblad and loses puck.
10:26 of 2nd period - Snap shot by Zac Dalpe.
10:26 of 2nd period - Shot Hit the Post.
10:28 of 2nd period - Slapshot by Dmitry Sinitsyn.
10:28 of 2nd period - Stopped by Laurent Brossoit without a rebound.
10:29 of 2nd period - Sean Monahan wins face-off versus Bo Horvat in Wolfes zone.
10:35 of 2nd period - Icing by Sergei Plotnikov.
10:36 of 2nd period - Sean Monahan wins face-off versus Iiro Pakarinen in Wolfes zone.
10:40 of 2nd period - Off-side.
10:41 of 2nd period - Bo Horvat wins face-off versus Martin Hanzal in neutral zone.
10:44 of 2nd period - Klas Dahlbeck is hit by Calvin de Haan and loses puck.
10:53 of 2nd period - Wrist shot by Alexandre Grenier.
10:53 of 2nd period - Stopped by Malcolm Subban with a rebound.
11:11 of 2nd period - Sean Monahan is hit by Zac Dalpe.
11:15 of 2nd period - Snap shot by Max Friberg.
11:15 of 2nd period - Goal by Max Friberg - Influenza : 2 - Wolfes : 2.
11:16 of 2nd period - Bo Horvat wins face-off versus Blake Pietila in neutral zone.
11:21 of 2nd period - Snap shot by Alexandre Grenier.
11:21 of 2nd period - Shot Misses the Net.
11:25 of 2nd period - Wrist shot by Martin Hanzal.
11:25 of 2nd period - Shot Misses the Net.
11:27 of 2nd period - Snap shot by Blake Pietila.
11:27 of 2nd period - Stopped by Malcolm Subban without a rebound.
11:28 of 2nd period - Bo Horvat wins face-off versus Martin Hanzal in Influenza zone.
11:53 of 2nd period - Sergei Plotnikov is hit by Nick Ritchie and loses puck.
12:45 of 2nd period - Minor Penalty to Andre Burakovsky for Tripping.
12:46 of 2nd period - Zac Dalpe wins face-off versus Martin Hanzal in Influenza zone.
13:02 of 2nd period - Slapshot by Calvin de Haan.
13:02 of 2nd period - Deflect By Blake Pietila.
13:02 of 2nd period - Stopped by Laurent Brossoit without a rebound.
13:03 of 2nd period - Zac Dalpe wins face-off versus Alexandre Grenier in Wolfes zone.
13:36 of 2nd period - Slapshot by Sean Monahan.
13:36 of 2nd period - Stopped by Malcolm Subban with a rebound.
14:45 of 2nd period - Penalty to Andre Burakovsky is over, Andre Burakovsky is back on ice.
14:52 of 2nd period - Wrist shot by Jacob Josefson.
14:52 of 2nd period - Shot Misses the Net.
14:54 of 2nd period - Wrist shot by Nick Ritchie.
14:54 of 2nd period - Stopped by Laurent Brossoit without a rebound.
14:55 of 2nd period - Jacob Josefson wins face-off versus Scott Timmins in Wolfes zone.
15:08 of 2nd period - Slapshot by Nick Ritchie.
15:08 of 2nd period - Shot Misses the Net.
15:42 of 2nd period - Max Friberg is hit by Anthony Mantha and loses puck.
16:01 of 2nd period - Slapshot by Jacob Josefson.
16:01 of 2nd period - Stopped by Laurent Brossoit without a rebound.
16:02 of 2nd period - Martin Hanzal wins face-off versus Jacob Josefson in Wolfes zone.
16:13 of 2nd period - Snap shot by Martin Hanzal.
16:13 of 2nd period - Shot Misses the Net.
16:33 of 2nd period - Slapshot by Max Friberg.
16:33 of 2nd period - Shot Misses the Net.
16:35 of 2nd period - Slapshot by Michael Stone.
16:35 of 2nd period - Shot Misses the Net.
16:37 of 2nd period - Wrist shot by Michael Stone.
16:37 of 2nd period - Stopped by Malcolm Subban with a rebound.
16:57 of 2nd period - Snap shot by Zachary Sanford.
16:57 of 2nd period - Shot Misses the Net.
17:31 of 2nd period - Wrist shot by Charles-Olivier Roussel.
17:31 of 2nd period - Shot Blocked by Lucas Lessio.
17:31 of 2nd period - Lucas Lessio from Influenza is injured at 17:31 of 2nd period (Left Forearm).
17:32 of 2nd period - Martin Hanzal wins face-off versus Bo Horvat in Influenza zone.
17:34 of 2nd period - Minor Penalty to Andre Burakovsky for Hooking.
17:35 of 2nd period - Zac Dalpe wins face-off versus Alexandre Grenier in Influenza zone.
17:43 of 2nd period - Wrist shot by Michael Stone.
17:43 of 2nd period - Shot Blocked by Luca Sbisa.
17:45 of 2nd period - Wrist shot by Alexandre Grenier.
17:45 of 2nd period - Stopped by Malcolm Subban with a rebound.
17:47 of 2nd period - Snap shot by Alexandre Grenier.
17:47 of 2nd period - Shot Misses the Net.
17:49 of 2nd period - Slapshot by Martin Hanzal.
17:49 of 2nd period - Shot Misses the Net.
17:51 of 2nd period - Slapshot by Jamie Oleksiak.
17:51 of 2nd period - Deflect By Martin Hanzal.
17:51 of 2nd period - Stopped by Malcolm Subban without a rebound.
17:52 of 2nd period - Anthony Mantha wins face-off versus Martin Hanzal in Influenza zone.
18:01 of 2nd period - Luca Sbisa is hit by Martin Hanzal.
18:19 of 2nd period - Anthony Mantha is hit by Jamie Oleksiak and loses puck.
19:34 of 2nd period - Penalty to Andre Burakovsky is over, Andre Burakovsky is back on ice.
19:51 of 2nd period - Zachary Sanford is hit by Andre Burakovsky and loses puck.
Goals for this period are 1 for Influenza vs 1 for Wolfes.
Shots for this period are 12 for Influenza vs 10 for Wolfes.
3rd period
0:01 of 3rd period - Martin Hanzal wins face-off versus Bo Horvat in neutral zone.
0:06 of 3rd period - Michael Stone is hit by Andre Burakovsky and loses puck.
1:11 of 3rd period - Snap shot by Kyle Rau.
1:11 of 3rd period - Shot Misses the Net.
1:13 of 3rd period - Snap shot by Jacob Lagacé.
1:13 of 3rd period - Goal by Jacob Lagacé - Influenza : 2 - Wolfes : 3.
1:14 of 3rd period - Martin Hanzal wins face-off versus Bo Horvat in neutral zone.
1:17 of 3rd period - Wrist shot by Martin Hanzal.
1:17 of 3rd period - Stopped by Malcolm Subban with a rebound.
1:19 of 3rd period - Wrist shot by Martin Hanzal.
1:19 of 3rd period - Shot Misses the Net.
1:21 of 3rd period - Snap shot by Alexandre Grenier.
1:21 of 3rd period - Deflect By Blake Pietila.
1:21 of 3rd period - Stopped by Malcolm Subban with a rebound.
1:23 of 3rd period - Snap shot by Klas Dahlbeck.
1:23 of 3rd period - Stopped by Malcolm Subban without a rebound.
1:24 of 3rd period - Martin Hanzal wins face-off versus Bo Horvat in Influenza zone.
1:25 of 3rd period - Wrist shot by Blake Pietila.
1:25 of 3rd period - Goal by Blake Pietila - Influenza : 2 - Wolfes : 4.
1:26 of 3rd period - Martin Hanzal wins face-off versus Bo Horvat in neutral zone.
1:26 of 3rd period - Martin Hanzal is hit by Andre Burakovsky.
1:38 of 3rd period - Iiro Pakarinen is hit by Blake Pietila.
1:52 of 3rd period - Sergei Plotnikov is hit by Jimmy Vesey and loses puck.
2:05 of 3rd period - Wrist shot by Zac Dalpe.
2:05 of 3rd period - Shot Blocked by Michael Stone.
2:21 of 3rd period - Sergei Plotnikov is hit by Luca Sbisa and loses puck.
2:32 of 3rd period - Minor Penalty to Sergei Plotnikov for Roughing.
2:33 of 3rd period - Martin Hanzal wins face-off versus Bo Horvat in Wolfes zone.
2:33 of 3rd period - Martin Hanzal is hit by Calvin de Haan.
2:49 of 3rd period - Klas Dahlbeck is hit by Aaron Ekblad and loses puck.
2:54 of 3rd period - Slapshot by Calvin de Haan.
2:54 of 3rd period - Shot Misses the Net.
2:56 of 3rd period - Snap shot by Calvin de Haan.
2:56 of 3rd period - Shot Misses the Net.
4:32 of 3rd period - Penalty to Sergei Plotnikov is over, Sergei Plotnikov is back on ice.
4:47 of 3rd period - Slapshot by Calvin de Haan.
4:47 of 3rd period - Stopped by Laurent Brossoit without a rebound.
4:48 of 3rd period - Jacob Josefson wins face-off versus Scott Timmins in Wolfes zone.
4:55 of 3rd period - Wrist shot by Nick Ritchie.
4:55 of 3rd period - Shot Misses the Net.
4:57 of 3rd period - Snap shot by Kasperi Kapanen.
4:57 of 3rd period - Stopped by Laurent Brossoit with a rebound.
4:59 of 3rd period - Snap shot by Luca Sbisa.
4:59 of 3rd period - Shot Misses the Net.
5:33 of 3rd period - Wrist shot by Andre Burakovsky.
5:33 of 3rd period - Stopped by Laurent Brossoit with a rebound.
6:25 of 3rd period - Wrist shot by Kyle Rau.
6:25 of 3rd period - Goal by Kyle Rau - Influenza : 2 - Wolfes : 5.
6:25 of 3rd period - Tyson Sexsmith enters game.
6:26 of 3rd period - Bo Horvat wins face-off versus Martin Hanzal in neutral zone.
6:29 of 3rd period - Slapshot by Aaron Ekblad.
6:29 of 3rd period - Shot Blocked by Charles-Olivier Roussel.
6:31 of 3rd period - Snap shot by Andre Burakovsky.
6:31 of 3rd period - Stopped by Laurent Brossoit with a rebound.
7:13 of 3rd period - Snap shot by Nick Ritchie.
7:13 of 3rd period - Shot Misses the Net.
7:46 of 3rd period - Snap shot by Benn Ferriero.
7:46 of 3rd period - Shot Misses the Net.
7:48 of 3rd period - Snap shot by Benn Ferriero.
7:48 of 3rd period - Stopped by Tyson Sexsmith with a rebound.
7:50 of 3rd period - Slapshot by Zachary Sanford.
7:50 of 3rd period - Shot Misses the Net.
7:52 of 3rd period - Slapshot by Tommy Vannelli.
7:52 of 3rd period - Stopped by Tyson Sexsmith with a rebound.
7:54 of 3rd period - Snap shot by Zachary Sanford.
7:54 of 3rd period - Deflect By Benn Ferriero.
7:54 of 3rd period - Goal by Benn Ferriero - Influenza : 2 - Wolfes : 6.
7:55 of 3rd period - Bo Horvat wins face-off versus Martin Hanzal in neutral zone.
8:03 of 3rd period - Iiro Pakarinen beats up Jamie Oleksiak.
8:03 of 3rd period - Penalty to Jamie Oleksiak for Fighting.
8:03 of 3rd period - Penalty to Iiro Pakarinen for Fighting.
8:04 of 3rd period - Bo Horvat wins face-off versus Martin Hanzal in Wolfes zone.
8:15 of 3rd period - Wrist shot by Andre Burakovsky.
8:15 of 3rd period - Shot Blocked by Michael Stone.
9:16 of 3rd period - Snap shot by Jacob Josefson.
9:16 of 3rd period - Stopped by Laurent Brossoit without a rebound.
9:17 of 3rd period - Kyle Rau wins face-off versus Jacob Josefson in Wolfes zone.
9:17 of 3rd period - Kyle Rau is hit by Luca Sbisa.
9:28 of 3rd period - Icing by Luca Sbisa.
9:29 of 3rd period - Martin Hanzal wins face-off versus Jacob Josefson in Influenza zone.
9:40 of 3rd period - Michael Stone is hit by Nick Ritchie and loses puck.
9:49 of 3rd period - Snap shot by Jacob Josefson.
9:49 of 3rd period - Goal by Jacob Josefson - Influenza : 3 - Wolfes : 6.
9:50 of 3rd period - Martin Hanzal wins face-off versus Bo Horvat in neutral zone.
9:55 of 3rd period - Nick Ritchie is hit by Alexandre Grenier and loses puck.
10:20 of 3rd period - Matt Grzelcyk is hit by Jimmy Vesey and loses puck.
10:48 of 3rd period - Slapshot by Sean Monahan.
10:48 of 3rd period - Shot Blocked by Paul Ladue.
10:51 of 3rd period - Icing by Luca Sbisa.
10:52 of 3rd period - Nick Ritchie wins face-off versus Sean Monahan in Influenza zone.
11:01 of 3rd period - Snap shot by Sergei Plotnikov.
11:01 of 3rd period - Stopped by Tyson Sexsmith without a rebound.
11:02 of 3rd period - Bo Horvat wins face-off versus Sean Monahan in Influenza zone.
11:29 of 3rd period - Snap shot by Sergei Plotnikov.
11:29 of 3rd period - Stopped by Tyson Sexsmith without a rebound.
11:30 of 3rd period - Martin Hanzal wins face-off versus Zac Dalpe in Influenza zone.
11:48 of 3rd period - Minor Penalty to Michael Stone for Hooking.
11:49 of 3rd period - Bo Horvat wins face-off versus Martin Hanzal in Wolfes zone.
11:55 of 3rd period - Wrist shot by Calvin de Haan.
11:55 of 3rd period - Stopped by Laurent Brossoit without a rebound.
11:56 of 3rd period - Sean Monahan wins face-off versus Bo Horvat in Wolfes zone.
12:22 of 3rd period - Icing by Calvin de Haan.
12:23 of 3rd period - Zac Dalpe wins face-off versus Martin Hanzal in Influenza zone.
12:28 of 3rd period - Slapshot by Aaron Ekblad.
12:28 of 3rd period - Shot Misses the Net.
12:30 of 3rd period - Slapshot by Justin Bailey.
12:30 of 3rd period - Goal by Justin Bailey - Influenza : 4 - Wolfes : 6.
12:31 of 3rd period - Martin Hanzal wins face-off versus Bo Horvat in neutral zone.
12:50 of 3rd period - Blake Pietila is hit by Bo Horvat and loses puck.
13:19 of 3rd period - Snap shot by Calvin de Haan.
13:19 of 3rd period - Shot Misses the Net.
13:21 of 3rd period - Wrist shot by Bo Horvat.
13:21 of 3rd period - Stopped by Laurent Brossoit with a rebound.
13:23 of 3rd period - Slapshot by Aaron Ekblad.
13:23 of 3rd period - Stopped by Laurent Brossoit with a rebound.
13:53 of 3rd period - Wrist shot by Jimmy Vesey.
13:53 of 3rd period - Deflect By Zac Dalpe.
13:53 of 3rd period - Stopped by Laurent Brossoit with a rebound.
15:13 of 3rd period - Zac Dalpe is hit by Sergei Plotnikov and loses puck.
15:26 of 3rd period - Snap shot by Alexandre Grenier.
15:26 of 3rd period - Deflect By Blake Pietila.
15:26 of 3rd period - Shot Blocked by Paul Ladue.
15:26 of 3rd period - Puck is out of play.
15:27 of 3rd period - Martin Hanzal wins face-off versus Zac Dalpe in Influenza zone.
15:40 of 3rd period - Michael Stone is hit by Zac Dalpe and loses puck.
16:07 of 3rd period - Wrist shot by Sergei Plotnikov.
16:07 of 3rd period - Deflect By Max Friberg.
16:07 of 3rd period - Stopped by Tyson Sexsmith without a rebound.
16:08 of 3rd period - Jacob Josefson wins face-off versus Sean Monahan in Influenza zone.
16:35 of 3rd period - Snap shot by Iiro Pakarinen.
16:35 of 3rd period - Stopped by Laurent Brossoit with a rebound.
16:37 of 3rd period - Slapshot by Luca Sbisa.
16:37 of 3rd period - Shot Misses the Net.
16:39 of 3rd period - Slapshot by Paul Ladue.
16:39 of 3rd period - Stopped by Laurent Brossoit with a rebound.
16:55 of 3rd period - Wrist shot by Martin Hanzal.
16:55 of 3rd period - Shot Blocked by Paul Ladue.
17:31 of 3rd period - Minor Penalty to Matt Grzelcyk for High sticking.
17:32 of 3rd period - Martin Hanzal wins face-off versus Bo Horvat in Wolfes zone.
17:32 of 3rd period - Martin Hanzal is hit by Andre Burakovsky.
17:44 of 3rd period - Snap shot by Andre Burakovsky.
17:44 of 3rd period - Stopped by Laurent Brossoit with a rebound.
17:46 of 3rd period - Slapshot by Aaron Ekblad.
17:46 of 3rd period - Deflect By Michael Stone.
17:46 of 3rd period - Goal by Aaron Ekblad - Influenza : 5 - Wolfes : 6.
17:47 of 3rd period - Jacob Josefson wins face-off versus Benn Ferriero in neutral zone.
17:47 of 3rd period - Calvin de Haan is hit by Benn Ferriero and loses puck.
17:50 of 3rd period - Minor Penalty to Jamie Oleksiak for Hooking.
17:51 of 3rd period - Bo Horvat wins face-off versus Martin Hanzal in Wolfes zone.
18:33 of 3rd period - Snap shot by Anthony Mantha.
18:33 of 3rd period - Shot Misses the Net.
19:44 of 3rd period - Blake Pietila is hit by Andre Burakovsky and loses puck.
19:50 of 3rd period - Penalty to Jamie Oleksiak is over, Jamie Oleksiak is back on ice.
Goals for this period are 3 for Influenza vs 4 for Wolfes.
Shots for this period are 15 for Influenza vs 12 for Wolfes.
Back to the Top